 Dungeon Crawl Stone Soup version 0.30.1-6-gbe392663c4 (webtiles) character file.

Game seed: 7452904951738735004

573 hammerheadyak the Chiller (level 7, 0/51 HPs)
             Began as a Demonspawn Ice Elementalist on Sept 22, 2023.
             Was an Initiate of Ashenzari.
             Slain by a two-headed ogre
             ... wielding a +0 giant club
              (9 damage)
             ... on level 5 of the Dungeon.
             The game lasted 00:11:58 (4784 turns).

hammerheadyak the Chiller (DsIE)                    Turns: 4784, Time: 00:11:59

Health: 0/51       AC:  8    Str: 10    XL:     7   Next: 12%
Magic:  16/22      EV: 13    Int: 17    God:    Ashenzari [......]
Gold:   306        SH:  0    Dex: 15    Spells: 8/15 levels left

rFire   . . .        t - +3 hand axe (elec)
rCold   + . .        (no shield)
rNeg    . . .        u - +0 robe
rPois   .            (no helmet)
rElec   .            (no cloak)
rCorr   .            (no gloves)
SInv    .            (no boots)
Will    .....        (no amulet)
Stlth   +++          p - ring of protection from cold
HPRegen 0.28/turn    z - ring of magical power
MPRegen 0.18/turn

%: no passive effects
@: ice-armoured, freezing walls
A: thin skeletal structure 1, spiny 1, demonic magic 1
a: Renounce Religion


You were on level 5 of the Dungeon.
You worshipped Ashenzari.
Ashenzari was noncommittal.
You visited 1 branch of the dungeon, and saw 5 of its levels.
You also visited: Sewer.

You collected 306 gold pieces.

Inventory:

Hand Weapons
 c - a +0 short sword
 e - a +0 spear
 m - a +0 dagger of freezing
 t - a +3 hand axe of electrocution (weapon)
Missiles
 B - 4 poisoned darts
Armour
 a - a +0 robe
 j - a +0 robe
 k - a +0 pair of boots
 u - a +0 robe (worn)
Jewellery
 p - a ring of protection from cold (left hand)
 z - a ring of magical power (right hand)
Wands
 h - a wand of flame (17)
 i - a wand of mindburst (21)
Scrolls
 g - 2 scrolls of fog
 q - 3 scrolls of immolation
 r - 3 scrolls of fear
 v - 3 scrolls of vulnerability
 w - a scroll of magic mapping
 y - 2 scrolls of teleportation
 A - a scroll of poison {unknown}
Potions
 b - 2 potions of magic
 d - a potion of brilliance
 f - 2 potions of resistance
 l - a potion of curing
 n - a potion of degeneration {unknown}
 s - a potion of attraction {unknown}
 x - 4 potions of flight


   Skills:
 + Level 2.7 Fighting
 + Level 3.2 Dodging
 - Level 1.7 Stealth
 * Level 4.5 Spellcasting
 * Level 5.4 Ice Magic


You had 8 spell levels left.
You knew the following spells:

 Your Spells              Type           Power      Damage    Failure   Level
a - Freeze                Ice            88%        1d9       1%          1
b - Frozen Ramparts       Ice            44%        1d7       4%          3
c - Ozocubu's Armour      Ice            22%        N/A       4%          3

Your spell library contained the following spells:

 Spells                   Type           Power      Damage    Failure   Level
 Volatile Blastmotes      Fire/Tloc      6%         2d10      41%         3
 Summon Ice Beast         Ice/Summ       13%        N/A       43%         4
 Anguish                  Hex/Necr       1%         N/A       83%         4
 Cause Fear               Hex            1%         N/A       83%         4
 Fulminant Prism          Conj/Hex       1%         3d5       83%         4
 Iskenderun's Mystic Bla  Conj/Tloc      3%         2d3       83%         4
 Lee's Rapid Deconstruct  Erth           1%         3d4*      99%         5
 Enfeeble                 Hex            1%         N/A       100%        7


Dungeon Overview and Level Annotations

Branches:
Dungeon (5/15)              Sewer (visited)
 Temple: D:4-7

Altars:
Ashenzari
Hepliaklqana
Nemelex Xobeh
Trog


Innate Abilities, Weirdness & Mutations

You have a somewhat thin skeletal structure. (Dex +2, Stealth+)
You are partially covered in sharp spines.
Spells you cast may paralyse adjacent enemies.


Message History

The white imp shouts!
The white imp shouts, "Quit, thou goatish flat-headed mule!"
The wall freezes the two-headed ogre.
The helpless two-headed ogre fails to defend itself.
You hit the two-headed ogre.
Lightning courses through the two-headed ogre!
The two-headed ogre is moderately wounded.
The two-headed ogre is no longer paralysed.
The wall freezes the two-headed ogre.
The two-headed ogre hits you with a +0 giant club!
The two-headed ogre closely misses you.
You hit the two-headed ogre but do no damage.
The two-headed ogre is moderately wounded.
The wall freezes the two-headed ogre.
The two-headed ogre is struck by your spines.
The two-headed ogre hits you with a +0 giant club!
The two-headed ogre closely misses you.
The white imp laughs crazily.
Casting: Frozen Ramparts (dangerous; 4% risk of failure)
Confirm with . or Enter, or press ? or * to list all spells.
Aiming: Freeze (safe; 1% risk of failure)
Press: ? - help, Shift-Dir - straight line, f - two-headed ogre
Aim: a two-headed ogre, wielding two +0 giant clubs (heavily wounded)
You freeze the two-headed ogre.
The two-headed ogre is severely wounded.
Malevolent energies surge around you.
You feel much better.
The wall freezes the two-headed ogre.
The two-headed ogre is struck by your spines.
The two-headed ogre hits you with a +0 giant club!!
The two-headed ogre barely misses you.
The white imp completely resists.
The wall freezes the white imp but does no damage.
You barely miss the two-headed ogre.
The two-headed ogre is severely wounded.
The wall freezes the white imp but does no damage.
The wall freezes the two-headed ogre but does no damage.
The two-headed ogre is struck by your spines.
The two-headed ogre hits you with a +0 giant club!
* * * LOW HITPOINT WARNING * * *
The two-headed ogre hits you with a +0 giant club!
You die...

##......# ###...#
.######5......#
##....##
..............#
#...###
<.............#
##...#
..............#
#...##
###....####..## ##..#
##.). #.5# #..# #..#
##O# #..# #..# #@#
#..# #.# #.# #..## ##
.# ##.# #...#####. .#
#..# ###....##...
###..#####.........##
##.[...##..........##
#.................##
#..........####....#
#..........##
##...###


You could see a two-headed ogre and a white imp.

Vanquished Creatures
  A phantom (D:4)
  A scorpion (D:4)
  A hound (D:5)
  Jessica (D:2)
  Natasha (twice) (D:4)
  A sickly merfolk siren (Sewer)
  A malarious merfolk avatar (Sewer)
  12 adders
  6 river rats
  4 worms
  3 dart slugs (D:4)
  2 orcs (D:4)
  11 bats
  9 endoplasms
  A giant cockroach (Sewer)
  5 goblins
  8 hobgoblins
  8 kobolds
  2 quokkas
  8 ball pythons
  10 frilled lizards
  34 rats
131 creatures vanquished.

Notes
Turn   | Place    | Note
-------+----------+-------------------------------------------
     0 | D:1      | hammerheadyak the Demonspawn Ice Elementalist began the
                  | quest for the Orb.
     0 | D:1      | Reached XP level 1. HP: 13/13 MP: 3/3
   345 | D:1      | Gained mutation: You have a somewhat thin skeletal
                  | structure. (Dex +2, Stealth+) [demonic ancestry]
   345 | D:1      | Reached XP level 2. HP: 20/20 MP: 5/5
   931 | D:2      | Reached skill level 1 in Fighting
   931 | D:2      | Reached XP level 3. HP: 20/26 MP: 3/6
  1027 | D:2      | Learned a level 3 spell: Frozen Ramparts
  1130 | D:2      | Reached skill level 4 in Ice Magic
  1344 | D:2      | Noticed Jessica
  1353 | D:2      | Killed Jessica
  1354 | D:2      | Gained mutation: Spells you cast may paralyse adjacent
                  | enemies. [demonic ancestry]
  1354 | D:2      | Reached XP level 4. HP: 9/32 MP: 4/8
  2177 | D:3      | Found a hazy altar of Hepliaklqana.
  2511 | D:3      | Found a faded altar of an unknown god.
  2629 | D:4      | Noticed a phantom
  2634 | D:4      | Killed a phantom
  2635 | D:4      | Gained mutation: You are partially covered in sharp spines.
                  | [demonic ancestry]
  2635 | D:4      | Reached XP level 5. HP: 35/38 MP: 8/10
  2689 | D:4      | Reached XP level 6. HP: 14/44 MP: 9/11
  2885 | D:4      | Learned a level 3 spell: Ozocubu's Armour
  3085 | D:4      | Found a glowing drain.
  3104 | Sewer    | Entered a sewer
  3351 | Sewer    | Reached skill level 5 in Ice Magic
  3970 | D:4      | Found a bloodstained altar of Trog.
  4025 | D:4      | Found a sparkling altar of Nemelex Xobeh.
  4191 | D:4      | Noticed Natasha
  4195 | D:4      | Killed Natasha
  4243 | D:4      | Noticed Natasha
  4269 | D:4      | Killed Natasha
  4270 | D:4      | Reached XP level 7. HP: 17/51 MP: 13/13
  4484 | D:5      | Entered Level 5 of the Dungeon
  4567 | D:5      | Found a broken altar of Ashenzari.
  4598 | D:5      | Became a worshipper of Ashenzari the Shackled
  4765 | D:5      | Noticed a two-headed ogre
  4784 | D:5      | Slain by a two-headed ogre

Illustrated notes

Levels and vault maps discovered:
D:1:      dpeg_arrival_three_smaller_balls, layout_basic,
          minmay_misc_feat_columns
D:2:      layout_basic, uniq_jessica
D:3:      cheibrodos_old_hovel, layout_rooms, lemuel_coloured_pillars_altar,
          shapermc_ecumenical_altar_hornbeckon, minmay_misc_feat_rows,
          minmay_pentomino_pile
D:4:      layout_cave_pools, mainiacjoe_overflow_24_doors,
          nemelex_dance_club_becter, lightli_sewer_entry_pipes, uniq_natasha
D:5:      layout_layer_cave, mainiacjoe_overflow_small_starburst,
          minmay_temple_entry_purple_smoke

Skill      XL: |  1  2  3  4  5  6 |
---------------+-------------------+-----
Dodging        | 2 3 |  3.2
Fighting       | 1 2 |  2.7
Ice Magic      | 4 5 |  5.4
Spellcasting   | 3 4 |  4.5
Stealth        | |  1.7

Action                     |  1- 3 |  4- 6 |  7- 9 || total
---------------------------+-------+-------+-------++-------
  Melee: Short sword       |    27 |       |       ||    27
         Unarmed           |     2 |       |       ||     2
         Spear             |    70 |       |       ||    70
         Punch             |     1 |     1 |       ||     2
         Dagger            |     5 |    50 |       ||    55
         Hand axe          |       |   121 |     9 ||   130
   Cast: Freeze            |     5 |     8 |     1 ||    14
         Frozen Ramparts   |     2 |     5 |     1 ||     8
         Ozocubu's Armour  |       |       |     1 ||     1
    Use: Scroll            |       |     9 |       ||     9
         Potion            |       |     1 |     1 ||     2
   Stab: Sleeping          |    14 |    17 |     2 ||    33
         Paralysed         |       |     5 |     1 ||     6
 Armour: Robe              |    25 |    16 |     2 ||    43
  Dodge: Dodged            |    58 |   103 |     7 ||   168
